 Dungeon Crawl Stone Soup version 0.27-a0-1358-ga0a28fc8c3 (webtiles) character file.

Game seed: 6642605998742266729

28 Delamore the Sneak (level 3, 0/25 HPs)
             Began as an Octopode Brigand on June 28, 2021.
             Killed from afar by Sigmund (7 damage)
             ... with a magic dart
             ... on level 2 of the Dungeon.
             The game lasted 00:00:51 (1134 turns).

Delamore the Sneak (Octopode Brigand)               Turns: 1134, Time: 00:00:52

Health: 0/25       AC:  1    Str: 10    XL:     3   Next: 12%
Magic:  3/3        EV: 12    Int: 13    God:
Gold:   103        SH:  0    Dex: 14    Spells: 2/2 levels left

rFire    . . .     SeeInvis .   a - +2 dagger
rCold    . . .     Faith    .   (no shield)
rNeg     . . .     Spirit   .   (helmet restricted)
rPois    .         Reflect  .   (no amulet)
rElec    .         Harm     .   d - ring of wizardry
rCorr    .         Rampage  .   (no ring)
Will     .....                  (no ring)
Stlth    ++++......             (no ring)
HPRegen  0.08/turn              (no ring)
MPRegen  0.08/turn              (no ring)
                                (no ring)
                                (no ring)

@: no status effects
A: almost no armour, amphibious, 8 rings, camouflage 1, gelatinous body 1,
(nimble swimmer 1), tentacles
a: no special abilities


You were on level 2 of the Dungeon.
You visited 1 branch of the dungeon, and saw 2 of its levels.

You collected 103 gold pieces.

Inventory:

Hand Weapons
 a - a +2 dagger (weapon)
Missiles
 b - 8 poisoned darts (quivered)
 c - 2 curare-tipped darts
Jewellery
 d - a ring of wizardry (left tentacle)
Scrolls
 e - a scroll of holy word {unknown}
Potions
 f - a potion of heal wounds {unknown}
 g - a potion of magic {unknown}


   Skills:
 + Level 2.5 Fighting
 + Level 2.6 Short Blades
 - Level 2.0 Throwing
 - Level 1.0 Dodging
 + Level 5.8 Stealth


You had 2 spell levels left.
You didn't know any spells.
Your spell library was empty.

Dungeon Overview and Level Annotations

Branches:
Dungeon (2/15)

Altars:

Annotations:
D:2 Sigmund


Innate Abilities, Weirdness & Mutations

You cannot wear most types of armour.
You are amphibious.
You can wear up to eight rings at the same time.
Your skin changes colour to match your surroundings (Stealth+).
Your rubbery body absorbs attacks. (AC +1, EV +1)
((You are camouflaged near water. (Stealth+)))
You have tentacles for arms and can constrict up to eight enemies at once.


Message History

You open the door.
There is an open door here.
h - a scroll labelled YROUDO XIWU You open the door.
There is an open door here.
Found a stone staircase leading down.
There is an open door here.
You see here a +0 club.
Done exploring.
Done exploring.
As you read the scroll labelled UDDIRESIES, it crumbles to dust.
You feel momentarily disoriented.
It was a scroll of magic mapping.
As you read the scroll labelled YROUDO XIWU, it crumbles to dust.
Magic quickly surges around you.
It was a scroll of vulnerability.
Done exploring.
There is a stone staircase leading down here.
You climb downwards.
There is a stone staircase leading up here.
You feel your willpower return.
Found a stone staircase leading down.
You now have 103 gold pieces (gained 9).
There is a stone staircase leading down here.
e - a scroll labelled QAGACU MELIL
There is a stone staircase leading down here.
Sigmund the Dreaded comes into view.
He is wielding a +0 scythe.
Found a scroll labelled BITAX GIROUN.
A kobold comes into view. It is wielding a +0 whip.
Sigmund shouts!
The kobold shouts!
A ball python comes into view.
The kobold throws a stone.
The stone closely misses you. Sigmund asks, "Do you like me?"
Sigmund gestures at you while chanting. The magic dart hits you!
Sigmund gestures at you while chanting. The puff of flame hits you!
* * * LOW HITPOINT WARNING * * *
You hear an angry hiss.
Sigmund casts a spell at you. The magic dart hits you!
You die...

# # .#. #.# #.# #.#
#####.# ##K #.....#
... ######.....#
#... #..@.....@.#
...?
#<####.###K#####....
#.# #.# #.....@..@.
#.# #.###.#####..#.
..# #....>.........
### ###########.S##
..# ..# #.#


You could see Sigmund and a kobold.

Vanquished Creatures
  2 dart slugs (D:1)
  An endoplasm (D:1)
  3 hobgoblins (D:1)
  3 jackals (D:1)
  5 kobolds (D:1)
  A quokka (D:1)
  A ball python (D:1)
  A bat (D:1)
  A frilled lizard (D:1)
  A goblin (D:1)
  4 rats (D:1)
23 creatures vanquished.

Notes
Turn   | Place    | Note
-------+----------+-------------------------------------------
     0 | D:1      | Delamore the Octopode Brigand began the quest for the Orb.
     0 | D:1      | Reached XP level 1. HP: 14/14 MP: 1/1
   311 | D:1      | Reached XP level 2. HP: 16/19 MP: 2/2
   349 | D:1      | Found a faded altar of an unknown god.
   766 | D:1      | Reached XP level 3. HP: 25/25 MP: 3/3
  1119 | D:2      | Noticed Sigmund
  1134 | D:2      | Killed from afar by Sigmund

Illustrated notes

Levels and vault maps discovered:
D:1:      minmay_arrival_stair_chambers, layout_basic,
          chequers_ecumenical_altar_simple_redux
D:2:      minmay_wonky_spiral, layout_loops_ring, uniq_sigmund

Action                   || total
-------------------------++-------
Melee: Dagger            ||    44
       Constrict         ||    10
       Tentacles         ||     7
  Use: Scroll            ||     2
 Stab: Sleeping          ||     7
Armor: Skin              ||     3
Dodge: Dodged            ||    15

Table legend: (Time is in decaauts)
 A = Elapsed time spent in this place.
 B = Non-inter-level travel time spent in this place.
 C = Inter-level travel time spent in this place.
 D = Time resting spent in this place.
 E = Time spent auto-exploring this place.
 F = Levels seen in this place.
 G = Mean time per level.
                   A        B        C        D        E       F      G
               +--------+--------+--------+--------+--------+-----+--------+
         Total |   1128 |   1105 |     23 |      0 |    950 |   2 |  564.0 |
       Dungeon |   1128 |   1105 |     23 |      0 |    950 |   2 |  564.0 |
               +--------+--------+--------+--------+--------+-----+--------+

Top non-repeatable levels by time:
     D:1: 1084 daAuts
     D:2: 43 daAuts
